 Dungeon Crawl Stone Soup version 0.31.0-11-ge490571c62 (webtiles) character file.

Game seed: 12276470320160504495

32 qw the Shooter (level 3, -1/18 HPs)
             Began as a Spriggan Hunter on Feb 5, 2024.
             Slain by a hobgoblin (6 damage)
             ... led by Robin
             ... on level 2 of the Dungeon.
             The game lasted 00:00:17 (725 turns).

qw the Shooter (Spriggan Hunter)                     Turns: 725, Time: 00:00:18

Health: -1/18      AC:  2    Str:  7    XL:     3   Next: 10%
Magic:  4/4        EV: 24    Int: 10    God:
Gold:   83         SH:  0    Dex: 20    Spells: 2/2 levels left

rFire   . . .        a - +0 shortbow
rCold   . . .        (shield currently unavailable)
rNeg    . . .        c - +0 robe
rPois   .            (helmet restricted)
rElec   .            (no cloak)
rCorr   .            (gloves unavailable)
SInv    +            (boots unavailable)
Will    .....        (no amulet)
Stlth   ++           g - +5 ring of evasion
HPRegen 0.23/turn    (no ring)
MPRegen 0.09/turn

%: no passive effects
@: very quick
A: very small, no large weapons, unfitting armour, see invisible, speed 3
a: no special abilities


You were on level 2 of the Dungeon.
You visited 1 branch of the dungeon, and saw 2 of its levels.

You collected 83 gold pieces.


Innate Abilities, Weirdness & Mutations

You are very small and have problems with some larger weapons.
You are too small for most types of armour.
You have supernaturally acute eyesight. (SInv)
You cover ground extremely quickly. (Speed+++)


   Skills:
 - Level 1.5 Fighting
 + Level 4.5 Ranged Weapons
 - Level 4.0 Dodging
 - Level 1.5 Stealth


You had 2 spell levels left.
You didn't know any spells.
Your spell library was empty.

Inventory:

Hand Weapons
 a - a +0 shortbow (weapon)
Armour
 c - a +0 robe (worn)
Jewellery
 g - a +5 ring of evasion (left hand)
Scrolls
 b - a scroll of silence {unknown}
Potions
 l - a potion of curing {unknown}

Dungeon Overview and Level Annotations

Branches:
Dungeon (2/15)

Altars:

Annotations:
D:2 Robin


Message History

You shoot an arrow. The arrow hits the hobgoblin.
The hobgoblin is heavily wounded.
The hobgoblin completely misses you.
You shoot an arrow. The arrow hits the hobgoblin.
You kill the hobgoblin!
A goblin comes into view. It is wielding a +0 dagger.
Robin roars a battlecry!
You have reached level 3!
Your experience leads to an increase in your attributes!
Increase (S)trength, (I)ntelligence, or (D)exterity?
You feel agile. x2
You shoot an arrow. The arrow barely misses the goblin.
The goblin hits you with a +0 dagger. Robin throws the goblin at you!
You shoot an arrow. The arrow hits the goblin.
You kill the goblin!
The goblin completely misses you.
Robin roars a battlecry! x2
A goblin comes into view. It is wielding a +0 club.
You shoot an arrow. The arrow hits the goblin.
You kill the goblin!
Robin throws the goblin at you!
You shoot an arrow. The arrow hits the goblin.
The goblin is moderately wounded.
The goblin hits you with a +0 club.
You shoot an arrow. The arrow hits the goblin!
You kill the goblin!
A hobgoblin comes into view.
Robin misses you.
You shoot an arrow. The arrow closely misses Robin.
You shoot an arrow. The arrow barely misses Robin.
Robin closely misses you. The hobgoblin completely misses you.
Robin misses you.
You shoot an arrow. The arrow closely misses Robin.
The hobgoblin barely misses you. Robin hits you with a +0 falchion.
You shoot an arrow. The arrow hits Robin.
Robin is moderately wounded.
The hobgoblin completely misses you. Robin hits you with a +0 falchion.
You shoot an arrow. The arrow hits Robin.
Robin is heavily wounded.
The hobgoblin hits you.
You die...

#.........'....+
#.......###....#
#.......# #....#
#.#.#.#.# #....#
#.#.#.#.# #....#
#.#.#.#.# ######
#.......#
.#####.######
...........@g#
...#########g#
......!.....g.g
###.##.....#.g.
#.....# #.....#
+.)...# #.....#
+.....+


You could see Robin and a hobgoblin (strong).

Vanquished Creatures
  A dart slug (D:1)
  2 ball pythons (D:1)
  A bat (D:1)
  An endoplasm (D:1)
  10 goblins
  4 hobgoblins
  A quokka (D:1)
  A frilled lizard (D:1)
  3 kobolds
  A rat (D:1)
25 creatures vanquished.

Notes
Turn   | Place    | Note
-------+----------+-------------------------------------------
     0 | D:1      | qw the Spriggan Hunter began the quest for the Orb.
     0 | D:1      | Reached XP level 1. HP: 10/10 MP: 2/2
     0 | D:1      | 0 ||| qw: Version: 0.3-a-160-g6735b56
     0 | D:1      | 0 ||| qw: Game counter: 6454
     0 | D:1      | 0 ||| qw: Melee chars always use a shield: true
     0 | D:1      | 0 ||| qw: God list: Okawaru
     0 | D:1      | 0 ||| qw: Allow faded altars: false
     0 | D:1      | 0 ||| qw: Do Orc after clearing Dungeon:15 true
     0 | D:1      | 0 ||| qw: Do second Lair branch before Depths: true
     0 | D:1      | 0 ||| qw: Lair rune preference: random
     0 | D:1      | 0 ||| qw: Goals: Normal
     0 | D:1      | 0 ||| PLANNING D:1-11
    52 | D:1      | Reached skill level 3 in Dodging
   171 | D:1      | Reached XP level 2. HP: 14/14 MP: 3/3
   574 | D:1      | 574 ||| DROPPING scarf of harm.
   575 | D:1      | 575 ||| DROPPING ring of magical power.
   576 | D:1      | 576 ||| UPGRADING to +5 ring of evasion.
   577 | D:1      | 577 ||| READING 2 scrolls labelled OSOCLO DULU.
   577 | D:1      | 577 ||| IDENTIFYING sedimented silvery potion
   578 | D:1      | 578 ||| READING scroll of identify.
   578 | D:1      | 578 ||| IDENTIFYING orange potion
   579 | D:1      | 579 ||| READING scroll labelled DIESIY WINAHIETROSK.
   606 | D:1      | 606 ||| READING scroll labelled PAT VAISSIN.
   607 | D:1      | 607 ||| DROPPING scroll of butterflies.
   608 | D:1      | 608 ||| DROPPING potion of brilliance.
   609 | D:1      | 609 ||| DROPPING potion of invisibility.
   663 | D:2      | 663 ||| RETREEEEATING.
   687 | D:2      | 687 ||| FLEEEEING.
   691 | D:2      | 691 ||| FLEEEEING.
   709 | D:2      | Noticed Robin
   716 | D:2      | Reached XP level 3. HP: 18/18 MP: 4/4
   725 | D:2      | Slain by a hobgoblin

Levels and vault maps discovered:
D:1:      psy_arrival_conway, layout_basic
D:2:      layout_basic, grunt_decor_arrowhead, kennysheep_big_empty_room,
          minmay_indecisive_spiral, uniq_robin, uniq_terence

Skill      XL: |  1  2 |
---------------+-------+-----
Dodging        | 3 4 |  4.0
Fighting       | |  1.5
Ranged Weapons | |  4.5
Stealth        | |  1.5

Action                     || total
---------------------------++-------
   Fire: Shortbow          ||    58
    Use: Scroll            ||     4
 Armour: Robe              ||    11
  Dodge: Dodged            ||    38

Table legend:
 A = Non-vault XP
 B = Vault XP
 C = Vault XP percentage of total XP
 D = Non-vault monster count
 E = Vault monster count
 F = Vault count percentage of total count
                 A         B        C        D         E       F
            +---------+---------+-------+---------+---------+-------
      Total |      29 |      18 |  38.3 |      16 |       9 |  36.0
            +---------+---------+-------+---------+---------+-------
        D:1 |      25 |       0 |   0.0 |      14 |       0 |   0.0
        D:2 |       4 |      18 |  81.8 |       2 |       9 |  81.8
            +---------+---------+-------+---------+---------+-------
